Map: Ephemeron LE

Players

Scarlett - Winner!

  • Race: Zerg Zerg
  • Spawn Location: 5:00

Nerchio

  • Race: Zerg Zerg
  • League: Master
  • Spawn Location: 11:00

VOD

Have the link to the VOD?

Description

Time

  • Played on: Jan. 13, 2020, 3:31 p.m.
  • Length: 15:40
Show
View Real Time Build Order
Export as new Build Order

Scarlett Zerg - Winner!

Build Orders: Hatch First, Lurkers, Roach Hydra 

Get SALT Encoding   

  12  0:00  Drone  
  13  0:12  Overlord  
  13  0:18  Drone  
  14  0:31  Drone x2  
  16  0:47  Hatchery  
  15  0:51  Drone  
  15  0:55  Drone  
  17  0:58  Drone  
  18  1:09  Extractor  
  17  1:13  Spawning Pool  
  17  1:17  Drone  
  17  1:20  Drone  
  18  1:28  Drone  
  19  1:39  Drone  
  20  1:49  Drone  
  21  2:00  Queen x2, Drone  
  21  2:01  Overlord  
  26  2:12  Drone x2  
  29  2:22  Zergling x2  
  29  2:23  Drone  
  30  2:34  Hatchery  
  29  2:37  Drone  
  29  2:39  Drone  
  31  2:45  Queen  
  31  2:50  Overlord  
  33  2:52  Drone  
  33  2:54  Drone  
  33  2:57  Drone  
  36  3:10  Drone x8  
  44  3:17  Evolution Chamber  
  43  3:21  Overlord  
  43  3:27  Roach Warren  
  43  3:30  Extractor  
  43  3:31  Drone  
  43  3:32  Extractor, Drone  
  42  3:38  Drone  
  42  3:39  Overlord  
  43  3:44  Drone x3  
  43  3:47  Zerg Missile Weapons Level 1  
  46  3:52  Overlord  
  46  3:59  Drone x2  
  48  4:03  Lair  
  48  4:09  Roach  
  50  4:11  Roach x3, Evolution Chamber  
  55  4:19  Roach x3  
  55  4:21  Evolution Chamber  
  55  4:23  Overlord  
  59  4:29  Overlord x2  
  59  4:36  Roach  
  59  4:37  Roach  
  64  4:52  Drone x4  
  68  4:53  Drone  
  68  4:58  Extractor  
  68  4:59  Roach x3  
  80  5:00  Roach x4  
  80  5:04  Glial Reconstitution  
  82  5:11  Overlord x2  
  82  5:14  Overseer  
  82  5:17  Overlord  
  82  5:21  Zerg Ground Armor Level 1  
  82  5:33  Roach x5  
  92  5:55  Drone x11  
  103  6:01  Pneumatized Carapace  
  103  6:02  Overlord  
  103  6:05  Zerg Missile Weapons Level 2  
  103  6:07  Drone  
  103  6:08  Drone x2  
  103  6:10  Overlord  
  106  6:13  Hydralisk Den  
  106  6:17  Overlord  
  105  6:21  Overlord  
  105  6:30  Overlord  
  105  6:41  Roach x10  
  125  6:48  Overlord  
  125  6:50  Drone x7  
  132  6:54  Overseer  
  132  6:56  Extractor  
  132  6:57  Hydralisk x2  
  132  7:00  Overlord  
  135  7:04  Overlord x2  
  135  7:12  Hydralisk x2, Muscular Augments  
  139  7:24  Drone x3  
  139  7:25  Drone x4  
  139  7:26  Hydralisk x3  
  139  7:27  Extractor  
  152  7:30  Ravager x4  
  152  7:34  Overlord x2  
  152  7:36  Roach x2  
  159  7:40  Roach x2  
  163  7:45  Roach x3  
  169  7:58  Zerg Ground Armor Level 2  
  169  8:01  Roach x2  
  169  8:03  Hatchery  
  172  8:11  Lurker Den  
  175  8:12  Roach  
  175  8:13  Roach  
  175  8:19  Roach x4  
  183  8:23  Spine Crawler  
  183  8:25  Spine Crawler  
  183  8:26  Spine Crawler  
  180  8:28  Roach x5  
  190  8:35  Drone  
  191  8:42  Overseer  
  191  8:45  Roach  
  191  8:46  Overlord  
  193  9:06  Grooved Spines, Hydralisk x3  
  199  9:12  Lurker  
  200  9:23  Infestation Pit  
  199  9:24  Overlord  
  199  9:27  Lurker  
  179  9:40  Roach x3  
  179  9:41  Roach x12  
  179  9:45  Roach x3  
  195  9:49  Roach x6  
  195  9:50  Roach  
  195  9:52  Roach  
  187  9:59  Roach  
  178  10:01  Roach x5  
  178  10:03  Roach x4  
  176  10:13  Lurker  
  176  10:14  Lurker  
  176  10:23  Drone x3  
  178  10:33  Drone, Hive  
  178  10:34  Drone x5  
  184  10:36  Extractor, Hydralisk  
  184  10:37  Hydralisk x4  
  184  10:40  Extractor  
  184  10:41  Spine Crawler x2, Drone x3  
  193  10:49  Overseer x2  
  193  10:53  Hydralisk x2  
  197  10:58  Lurker  
  197  11:01  Lurker  
  199  11:16  Lurker  
  200  11:35  Hatchery  
  199  11:40  Lurker  
  199  11:44  Zerg Missile Weapons Level 3  
  199  11:45  Seismic Spines  
  199  11:46  Zerg Ground Armor Level 3  
  166  12:19  Roach  
  166  12:20  Roach x22  
  189  12:32  Roach x6  
  189  12:36  Roach x3  
  195  12:39  Roach x2  
  187  12:44  Roach x2  
  187  12:50  Roach  
  170  13:05  Hydralisk x6  
  148  13:07  Adaptive Talons  
  148  13:11  Viper x2  
  166  13:18  Viper  
  166  13:19  Overlord x3  
  169  13:20  Overlord  
  169  13:25  Burrow, Tunneling Claws  
  169  13:30  Drone x4  
  169  13:33  Lurker x2  
  175  13:38  Overlord  
  175  13:44  Hydralisk x5  
  185  13:58  Hydralisk  
  185  13:59  Hydralisk x6  
  171  14:13  Roach x12  
  171  14:17  Hydralisk  
  177  14:25  Hydralisk x4  
  183  14:54  Lurker x5, Hydralisk  
  183  14:55  Hydralisk x2  
  194  15:04  Extractor, Roach x12, Hydralisk x3  
  194  15:05  Extractor, Drone x2  
  194  15:06  Roach x15  
  200  15:14  Overseer x2  
  200  15:15  Overseer  
  200  15:21  Overlord  
Show
View Real Time Build Order
Export as new Build Order

Nerchio Zerg 

Build Orders: Hatch First 

Get SALT Encoding   

  12  0:00  Drone  
  13  0:12  Overlord  
  13  0:17  Drone  
  14  0:30  Drone x2  
  14  0:33  Drone  
  17  0:52  Hatchery  
  17  0:55  Drone  
  17  0:58  Drone  
  17  1:03  Extractor  
  17  1:14  Spawning Pool  
  17  1:17  Drone  
  17  1:20  Drone  
  18  1:27  Drone  
  19  1:38  Drone  
  20  1:48  Overlord  
  20  2:01  Queen, Evolution Chamber  
  21  2:03  Queen  
  21  2:05  Drone  
  21  2:08  Drone  
  25  2:10  Drone  
  25  2:14  Drone  
  27  2:25  Drone  
  27  2:27  Zerg Ground Armor Level 1  
  27  2:29  Drone  
  29  2:33  Drone  
  29  2:36  Drone  
  31  2:44  Queen  
  31  2:48  Overlord  
  33  2:58  Metabolic Boost  
  33  2:59  Drone x3  
  36  3:11  Drone x3  
  36  3:12  Zergling x6  
  42  3:26  Hatchery  
  41  3:28  Zergling x2  
  41  3:29  Zergling x2  
  41  3:34  Overlord  
  43  3:37  Zergling x2  
  44  3:54  Drone x4  
  48  3:55  Zergling x2  
  48  3:56  Zergling x6  
  52  4:09  Overlord  
  52  4:19  Lair  
  52  4:21  Roach Warren  
  51  4:24  Overlord  
  51  4:27  Queen  
  51  4:28  Drone x7  
  51  4:29  Extractor  
  59  4:32  Extractor  
  59  4:33  Overlord x2  
  58  4:50  Drone x8  
  65  5:03  Zerg Missile Weapons Level 1  
  65  5:05  Roach x3  
  71  5:10  Roach  
  71  5:11  Roach x2  
  77  5:15  Roach x2  
  77  5:18  Roach  
  77  5:21  Glial Reconstitution, Extractor  
  83  5:23  Overlord  
  82  5:32  Roach x3  
  82  5:33  Roach, Overlord  
  89  5:51  Drone x3  
  89  5:53  Roach  
  89  5:54  Roach x5  
  89  5:55  Overseer  
  104  6:00  Extractor, Overlord x2  
  104  6:03  Overseer  
  103  6:22  Extractor, Drone x5  
  107  6:28  Roach x7  
  107  6:32  Overlord x2  
  121  6:41  Overlord  
  121  6:54  Roach  
  121  6:55  Roach x7  
  139  7:01  Roach x4  
  139  7:04  Overlord  
  139  7:06  Overlord  
  145  7:11  Overlord  
  145  7:17  Zerg Missile Weapons Level 2  
  145  7:18  Tunneling Claws  
  145  7:21  Burrow  
  145  7:27  Drone x5  
  150  7:37  Drone x4  
  150  7:38  Drone x3  
  150  7:44  Overseer  
  157  7:51  Hatchery  
  157  7:54  Overlord  
  157  7:55  Overlord  
  157  7:57  Overlord  
  156  8:08  Overlord  
  156  8:09  Overlord  
  156  8:13  Roach  
  156  8:14  Roach x5  
  168  8:20  Hydralisk Den  
  168  8:23  Roach x4  
  175  8:30  Infestation Pit  
  175  8:32  Ravager x2  
  175  8:33  Ravager x3  
  179  8:35  Pneumatized Carapace  
  179  8:37  Roach x3  
  185  8:42  Overlord x2  
  185  8:52  Roach x8  
  183  9:17  Roach x9  
  199  9:29  Hive  
  199  9:30  Hydralisk Den  
  198  9:37  Roach  
  198  9:38  Roach x10  
  199  9:39  Roach  
  199  9:44  Roach  
  199  9:45  Roach x7  
  195  9:47  Roach  
  195  9:49  Roach  
  172  9:56  Roach x2  
  172  9:57  Roach x2  
  172  9:58  Roach x3  
  158  10:01  Roach  
  158  10:05  Roach x2  
  142  10:07  Roach  
  142  10:09  Roach x2  
  141  10:17  Roach x3  
  147  10:26  Drone  
  147  10:27  Drone x7  
  151  10:28  Drone  
  151  10:30  Drone  
  151  10:31  Drone  
  152  10:39  Lurker Den  
  152  10:40  Grooved Spines  
  151  10:45  Viper  
  151  10:46  Viper x2  
  151  10:49  Zerg Missile Weapons Level 3  
  160  10:53  Hydralisk x2  
  164  10:58  Extractor x2  
  164  11:01  Hydralisk x2  
  164  11:02  Hydralisk  
  168  11:05  Hydralisk  
  168  11:10  Viper  
  173  11:12  Hydralisk x2  
  173  11:16  Overseer  
  177  11:27  Hydralisk  
  177  11:28  Hydralisk x2  
  183  11:37  Hydralisk x4  
  191  11:45  Overseer x2  
  191  11:47  Hydralisk x2  
  191  11:51  Muscular Augments  
  195  11:56  Extractor  
  195  11:57  Hydralisk x16  
  194  12:02  Roach x22  
  194  12:12  Hydralisk x5  
  194  12:15  Hydralisk x4  
  184  12:16  Hydralisk  
  184  12:19  Roach  
  184  12:20  Roach x3  
  188  12:23  Overlord x3  
  188  12:28  Roach  
  188  12:29  Roach x3  
  182  12:31  Roach  
  182  12:32  Roach x4  
  182  12:36  Roach  
  166  12:38  Roach x2  
  166  12:40  Roach  
  166  12:41  Roach  
  153  12:49  Roach x3  
  130  12:52  Drone x2  
  130  12:54  Drone  
  130  12:55  Drone  
  130  12:56  Drone  
  127  13:03  Hydralisk x2  
  131  13:07  Hydralisk  
  131  13:11  Hydralisk  
  135  13:18  Hydralisk  
  135  13:19  Hydralisk  
  139  13:24  Hydralisk x2  
  143  13:30  Extractor  
  143  13:31  Hydralisk x2  
  144  13:42  Hydralisk x3  
  150  13:50  Hydralisk  
  150  13:51  Hydralisk x2  
  156  14:00  Roach x4  
  164  14:05  Overseer  
  164  14:09  Roach  
  162  14:10  Roach x3  
  162  14:12  Roach  
  162  14:13  Roach  
  156  14:27  Viper x2  
  162  14:32  Hydralisk x4  
  170  14:46  Overseer, Evolution Chamber  
  169  14:53  Hydralisk x3  
  175  15:05  Evolution Chamber, Overlord  
  175  15:06  Evolution Chamber  
  173  15:14  Overseer  
  173  15:15  Overseer  
  173  15:19  Overseer  
  173  15:23  Overseer  
Tags
 
Add a new tag
Caveats
  • Supply blocks, unpowered buildings, or Contaminate may cause inaccurate times.
  • Supply counts are checked every 10 seconds.